 Dungeon Crawl Stone Soup version 0.26-a0-690-gcb57259078 (webtiles) character file.

Game seed: 3160071032075991619

368 jasper the Sneak (level 7, -3/44 HPs)
             Began as a Kobold Delver on Oct 24, 2020.
             Was a Believer of Ru.
             Slain by Sigmund
             ... wielding a +3 vorpal scythe
              (4 damage)
             ... on level 2 of the Dungeon.
             The game lasted 00:05:51 (4480 turns).

jasper the Sneak (Kobold Delver)                    Turns: 4480, Time: 00:05:51

Health: -3/44      AC:  7    Str: 11    XL:     7   Next: 1%
Magic:  7/7        EV: 16    Int: 17    God:    Ru [**....]
Gold:   179        SH:  0    Dex: 17    Spells: 6/6 levels left

rFire    . . .     SeeInvis .   a - +1 short sword
rCold    . . .     Faith    +   (shield restricted)
rNeg     . . .     Spirit   .   b - +0 leather armour
rPois    .         Reflect  .   A - +0 helmet
rElec    .         Harm     .   (no cloak)
rCorr    .         Rampage  .   z - +2 pair of gloves
MR       +....                  (no boots)
Stlth    ++++......             u - amulet of faith
HPRegen  0.14/turn              d - +6 ring of intelligence
MPRegen  0.10/turn              B - ring of protection from magic (curse)

@: no scrolls, hasted, very quick
A: small, nightstalker 3, inability to read while threatened, disrupted magic 1
a: Renounce Religion


You were on level 2 of the Dungeon.
You worshipped Ru.
Ru was pleased with you.
You visited 2 branches of the dungeon, and saw 7 of its levels.

You collected 237 gold pieces.
You spent 58 gold pieces at shops.

Inventory:

Hand Weapons
 a - a +1 short sword (weapon)
 x - a +0 quarterstaff
Missiles
 i - 37 bolts
 o - 246 stones
 E - 4 boomerangs (quivered)
Armour
 b - a +0 leather armour (worn)
 r - a +0 pair of gloves
 y - the +0 buckler of Light {MR+}
   (You found it on level 4 of the Dungeon)

   It affects your resistance to hostile enchantments.
 z - a +2 pair of gloves (worn)
 A - a +0 helmet (worn)
Jewellery
 d - a +6 ring of intelligence (left hand)
 u - an amulet of faith (around neck)
 B - a cursed ring of protection from magic (right hand)
Wands
 g - a wand of digging (3)
Scrolls
 c - 2 scrolls of fog
 e - a scroll of fear
 j - 3 scrolls of amnesia
 k - 2 scrolls of enchant weapon
 q - a scroll of remove curse {unknown}
 s - a scroll of immolation {unknown}
 t - a scroll of noise {unknown}
 v - 4 scrolls of teleportation {unknown}
 C - a scroll of random uselessness {unknown}
Potions
 h - 2 potions of heal wounds
 l - a potion of ambrosia
 m - a potion of magic {unknown}
 n - 3 potions of lignification {unknown}
 p - 3 potions of curing {unknown}
 w - a potion of mutation {unknown}
 D - a potion of might {unknown}
 F - a potion of resistance {unknown}


   Skills:
 - Level 4.3 Fighting
 - Level 4.3 Short Blades
 * Level 3.8 Staves
 - Level 4.0 Dodging
 - Level 7.1 Stealth


You had 6 spell levels left.
You didn't know any spells.
Your spell library was empty.

Dungeon Overview and Level Annotations

Branches:
Dungeon (6/15)             Temple (1/1) D:5

Altars:
Ashenzari
Dithmenos
Elyvilon
Fedhas
Hepliaklqana
Kikubaaqudgha
Makhleb
Nemelex Xobeh
Qazlal
Ru
Sif Muna
Trog
Uskayaw
Vehumet
Wu Jian
Yredelemnul
Zin

Shops:
D:4 [

Annotations:
D:2 Sigmund


Innate Abilities, Weirdness & Mutations

You are small and have problems with some larger weapons.
You are completely attuned to the shadows.
You cannot read scrolls while threatened.
Your casting is slightly disrupted.


Message History

Deactivating autopickup; reactivate with Ctrl-A.
No target in view!
No target in view!
No target in view!
You closely miss something. You miss something. Something hits you!
You feel threatened and lose the ability to read scrolls!
You take 8 damage, and have 28/44 hp.
You closely miss something. Something hits you but does no damage.
You barely miss something. You closely miss something.
Something hits you but does no damage.
You hit something. You hit something. Something hits you.
You take 6 damage, and have 23/44 hp.
You completely miss something. You miss something. Something hits you.
You take 7 damage, and have 16/44 hp.
You hit something but do no damage. Something hits you!
* * * LOW HITPOINT WARNING * * *
You die...

#.###.#...# ..#
##.....<. .#
#..####.. ##
##...#.#.#..>#..# .#
##.#.#.#.###....###.@
.........# #..#..#..#
#.#.#..@# #..##..>#
#..{#..###..###.##
##@##...........
###.....###..####
........###..#
######[......#
#......## ########


There were no monsters in sight!

Vanquished Creatures
  An ogre (D:4)
  A scorpion (D:4)
  A centaur skeleton (D:6)
  A hound (D:4)
  Natasha (D:2)
  A howler monkey skeleton (D:5)
  2 gnolls (D:2)
  5 adders
  2 white imps
  2 oozes
  A worm (D:3)
  8 orcs
  3 bats
  A giant cockroach (D:2)
  6 goblins
  5 hobgoblins
  5 jackals
  2 quokkas
  A frilled lizard (D:2)
  3 rats
52 creatures vanquished.

Notes
Turn   | Place    | Note
-------+----------+-------------------------------------------
     0 | D:5      | jasper the Kobold Delver began the quest for the Orb.
     0 | D:5      | Reached XP level 1. HP: 14/14 MP: 1/1
    49 | D:5      | Found a staircase to the Ecumenical Temple.
    55 | Temple   | Entered the Ecumenical Temple
   276 | Temple   | Became a worshipper of Ru the Awakened
   304 | D:4      | Noticed a scorpion
   306 | D:4      | Killed a scorpion
   306 | D:4      | Reached skill level 7 in Stealth
   306 | D:4      | Reached XP level 2. HP: 20/20 MP: 2/2
   306 | D:4      | Reached XP level 3. HP: 24/24 MP: 3/3
   306 | D:4      | Reached XP level 4. HP: 29/29 MP: 4/4
   808 | D:2      | Noticed Sigmund
  1393 | D:2      | Found a shimmering blue altar of Sif Muna.
  1526 | D:4      | Found a hide-covered altar of Uskayaw.
  1553 | D:4      | Got a brightly glowing buckler
  1572 | D:4      | Identified the +0 buckler of Light {MR+} (You found it on
                  | level 4 of the Dungeon)
  1635 | D:4      | Found Coorr's Armour Shop.
  1642 | D:4      | Bought a +0 helmet for 58 gold pieces
  1659 | D:4      | Found an ancient bone altar of Kikubaaqudgha.
  1674 | D:4      | Gained mutation: You cannot read scrolls while threatened.
                  | [Ru sacrifice]
  1674 | D:4      | Reached * piety under Ru
  1775 | D:4      | Reached XP level 5. HP: 20/33 MP: 5/5
  1947 | D:4      | Found a basalt altar of Yredelemnul.
  1961 | D:4      | Reached skill level 1 in Staves
  2045 | D:4      | Noticed an ogre
  2049 | D:4      | Killed an ogre
  2049 | D:4      | Reached XP level 6. HP: 38/38 MP: 6/6
  2243 | D:5      | Found a white marble altar of Elyvilon.
  2961 | D:6      | Noticed an orc warrior
  3363 | D:1      | Gained mutation: Your casting is slightly disrupted. [Ru
                  | sacrifice]
  3363 | D:1      | Reached ** piety under Ru
  4210 | D:2      | Noticed Natasha
  4227 | D:2      | Killed Natasha
  4441 | D:2      | Reached XP level 7. HP: 32/44 MP: 7/7
  4480 | D:2      | HP: 1/44 [something (15)]
  4480 | D:2      | Slain by Sigmund

Illustrated notes

Levels and vault maps discovered:
D:1:      kilobyte_arrival_exit_the_forest, layout_basic, serial_forest,
          infiniplex_forest_clump_small, infiniplex_forest_clump_small,
          infiniplex_forest_join, infiniplex_forest_straight_2,
          infiniplex_forest_end_2
D:2:      layout_loops_ring, nicolae_overflow_crystal_walls,
          minmay_misc_feat_room, okawaru_altar_gauntlet_db, uniq_natasha,
          uniq_sigmund
D:3:      layout_basic
D:4:      layout_basic, eat_drink_and_be_merry_uskayaw,
          kiku_gazebo_garden_becter, overflow_temple_1_default, serial_shops,
          nicolae_shop_crystal
D:5:      layout_cave_pods, minmay_temple_entry_drinking_statues, basic_altar,
          uniq_eustachio, uniq_duvessa
D:6:      layout_layer_cave, minmay_joined_circles
Temple:   nicolae_temple_figure_eight

Skill      XL: |  1  2  3  4  5  6 |
---------------+-------------------+-----
Short Blades   | 3 4 |  4.3
Dodging        | 3 4 |  4.0
Stealth        | 7 |  7.1
Fighting       | 4 |  4.3
Staves         | 2 3 |  3.8

Action                   |  1- 3 |  4- 6 |  7- 9 || total
-------------------------+-------+-------+-------++-------
Melee: Short sword       |     1 |   161 |    19 ||   181
Throw: Boomerang         |       |    13 |       ||    13
Invok: Sacrifice Words   |       |     1 |       ||     1
       Sacrifice Essence |       |     1 |       ||     1
  Use: Scroll            |     2 |     5 |       ||     7
       Potion            |       |       |     1 ||     1
 Stab: Sleeping          |     1 |    27 |       ||    28
Armor: Leather armour    |       |    22 |     2 ||    24
Dodge: Dodged            |       |    96 |     3 ||    99

Table legend: (Time is in decaauts)
 A = Elapsed time spent in this place.
 B = Non-inter-level travel time spent in this place.
 C = Inter-level travel time spent in this place.
 D = Time resting spent in this place.
 E = Time spent auto-exploring this place.
 F = Levels seen in this place.
 G = Mean time per level.
                   A        B        C        D        E       F      G
               +--------+--------+--------+--------+--------+-----+--------+
         Total |   4470 |   4079 |    391 |    204 |   3311 |   7 |  638.6 |
       Dungeon |   4233 |   3875 |    358 |    204 |   3110 |   6 |  705.5 |
        Temple |    236 |    203 |     33 |      0 |    201 |   1 |  236.0 |
               +--------+--------+--------+--------+--------+-----+--------+

Top non-repeatable levels by time:
     D:3: 1050 daAuts
     D:4: 1043 daAuts
     D:1: 869 daAuts
     D:2: 648 daAuts
     D:6: 515 daAuts
  Temple: 236 daAuts
     D:5: 105 daAuts
